 Dungeon Crawl Stone Soup version 0.29.0-11-gd7f09526c8 (webtiles) character file.

Game seed: 2380685437103505678

318 SensoryNuts the Slasher (level 6, -4/47 HPs)
             Began as a Demonspawn Fighter on Sept 3, 2022.
             Slain by an ogre
             ... wielding a +0 giant spiked club
              (21 damage)
             ... on level 4 of the Dungeon.
             The game lasted 00:03:33 (3905 turns).

SensoryNuts the Slasher (Demonspawn Fighter)        Turns: 3905, Time: 00:03:34

Health: -4/47      AC:  9    Str: 16    XL:     6   Next: 21%
Magic:  6/6        EV:  9    Int: 10    God:
Gold:   173        SH:  6    Dex: 14    Spells: 5/5 levels left

rFire   . . .      SeeInvis .   a - +1 long sword
rCold   . . .      Faith    .   c - +1 buckler
rNeg    . . .      Spirit   .   b - +0 scale mail
rPois   .          Reflect  .   (no helmet)
rElec   .          Harm     .   (no cloak)
rCorr   .          Rampage  .   (no gloves)
Will    .....                   (no boots)
Stlth   ..........              (no amulet)
HPRegen 0.15/turn               (no ring)
MPRegen 0.10/turn               (no ring)

@: mighty
A: yellow scales 2, demonic magic 1, demonic touch 1
a: no special abilities


You were on level 4 of the Dungeon.
You visited 1 branch of the dungeon, and saw 4 of its levels.

You collected 173 gold pieces.

Inventory:

Hand Weapons
 a - a +1 long sword (weapon)
Armour
 b - a +0 scale mail (worn)
 c - a +1 buckler (worn)
Jewellery
 o - an amulet of the acrobat
 q - a ring of fire
Scrolls
 g - a scroll of vulnerability {unknown}
 i - 3 scrolls of identify
 k - a scroll of silence {unknown}
 l - 4 scrolls of butterflies
 n - 2 scrolls of teleportation
 r - 2 scrolls of poison {unknown}
Potions
 e - 2 potions of brilliance
 f - 2 potions of degeneration
 h - 3 potions of curing
 j - a potion of heal wounds
 m - 2 potions of haste
 p - 2 potions of berserk rage {unknown}


   Skills:
 + Level 3.6 Fighting
 * Level 5.2 Long Blades
 + Level 3.3 Armour
 + Level 0.2 Dodging
 + Level 2.9 Shields


You had 5 spell levels left.
You didn't know any spells.
Your spell library contained the following spells:

 Spells                   Type           Power      Damage    Failure   Level
 Gell's Gravitas          Tloc           0%         N/A       99%         3
 Lesser Beckoning         Tloc           0%         N/A       99%         3
 Teleport Other           Tloc           0%         N/A       99%         3


Dungeon Overview and Level Annotations

Branches:
Dungeon (4/15)
 Temple: D:4-7

Altars:
Fedhas
Nemelex Xobeh
Yredelemnul


Innate Abilities, Weirdness & Mutations

You are mostly covered in yellow scales. (AC +3)
Spells you cast may paralyse adjacent enemies.
Your touch may inflict minor irresistible damage on your foes.


Message History

No target in view!
No target in view!
No target in view!
You see here a hound corpse.
You now have 173 gold pieces (gained 10).
h - 3 potions of curing (gained 1)
A kobold comes into view. It is wielding a +0 short sword.
The kobold shouts!
The kobold throws a stone.
You block the stone.
A kobold is nearby!
A kobold is nearby!
The kobold throws a stone.
The stone hits you.
The kobold throws a stone.
The stone barely misses you.
The kobold throws a stone.
The stone closely misses you.
The kobold throws a stone.
The stone hits you but does no damage.
An ogre comes into view. It is wielding a +0 giant spiked club.
The ogre shouts!
You slash the kobold!
You kill the kobold!
The ogre hits you with a +0 giant spiked club!!
You hit the ogre.
The ogre is lightly wounded.
The ogre hits you with a +0 giant spiked club!!
Ouch! That really hurt!
* * * LOW HITPOINT WARNING * * *
You are too injured to fight recklessly!
You are too injured to fight recklessly!
An ogre is nearby!
An ogre is nearby!
An ogre is nearby!
You are too injured to fight recklessly!
An ogre is nearby!
You are too injured to fight recklessly!
You feel much better.
You feel very mighty all of a sudden.
The ogre hits you with a +0 giant spiked club!
You slice the ogre!!
The ogre is severely wounded.
The ogre hits you with a +0 giant spiked club!!
You die...

###### #....# #....#
#### #....# ...###
####....# #####...#
##........ ........#
##......... ........##
#..........
......O@.#####..........
........)...............
.......##.####..........
....... #.# #..........
....... #.# ##.........
.###### #.# #..........
#.####....รท.....
#...............
#####...........


You could see an ogre.

Vanquished Creatures
  A phantom (D:4)
  2 hounds (D:4)
  An orc priest (D:3)
  Jessica (D:2)
  An orc wizard (D:3)
  4 adders
  5 worms
  2 dart slugs
  3 orcs (D:3)
  5 bats
  9 endoplasms
  4 giant cockroaches
  A hobgoblin (D:3)
  2 quokkas (D:3)
  4 ball pythons
  3 frilled lizards
  5 kobolds
  3 rats (D:2)
56 creatures vanquished.

Notes
Turn   | Place    | Note
-------+----------+-------------------------------------------
     0 | D:1      | SensoryNuts the Demonspawn Fighter began the quest for the
                  | Orb.
     0 | D:1      | Reached XP level 1. HP: 18/18 MP: 1/1
   312 | D:1      | Found a faded altar of an unknown god.
   498 | D:1      | Reached skill level 2 in Long Blades
   498 | D:1      | Gained mutation: You are partially covered in yellow
                  | scales. (AC +2) [demonic ancestry]
   498 | D:1      | Reached XP level 2. HP: 24/24 MP: 2/2
  1189 | D:2      | Gained mutation: Spells you cast may paralyse adjacent
                  | enemies. [demonic ancestry]
  1189 | D:2      | Reached XP level 3. HP: 9/29 MP: 3/3
  1428 | D:2      | Noticed Jessica
  1436 | D:2      | Killed Jessica
  1437 | D:2      | Reached skill level 3 in Long Blades
  1804 | D:2      | Reached XP level 4. HP: 35/35 MP: 4/4
  1961 | D:2      | Found a sparkling altar of Nemelex Xobeh.
  2705 | D:3      | Found a blossoming altar of Fedhas.
  3141 | D:3      | Found a basalt altar of Yredelemnul.
  3217 | D:3      | Reached skill level 4 in Long Blades
  3225 | D:3      | Gained mutation: You are mostly covered in yellow scales.
                  | (AC +3) [demonic ancestry]
  3225 | D:3      | Reached XP level 5. HP: 28/41 MP: 5/5
  3648 | D:4      | Noticed a phantom
  3668 | D:4      | Killed a phantom
  3669 | D:4      | Reached skill level 5 in Long Blades
  3669 | D:4      | Gained mutation: Your touch may inflict minor irresistible
                  | damage on your foes. [demonic ancestry]
  3669 | D:4      | Reached XP level 6. HP: 25/47 MP: 6/6
  3905 | D:4      | Slain by an ogre

Illustrated notes

Levels and vault maps discovered:
D:1:      denvon_arrival_planthouse, layout_loops_ring, basic_ecumenical_altar
D:2:      layout_loops_ring, basic_altar, minmay_misc_feat_alley,
          nicolae_wormholes, uniq_jessica
D:3:      layout_basic, yredelemnul_altar_generic,
          lemuel_coloured_pillars_altar, chequers_jeans
D:4:      layout_rooms

Skill      XL: |  1  2  3  4  5 |
---------------+----------------+-----
Long Blades    | 2 3 4 5 |  5.2
Armour         | 3 |  3.3
Fighting       | |  3.6
Dodging        | |  0.2
Shields        | |  2.9

Action                   |  1- 3 |  4- 6 || total
-------------------------+-------+-------++-------
Melee: Long sword        |    80 |   111 ||   191
  Use: Potion            |     3 |     2 ||     5
       Scroll            |       |     9 ||     9
Armor: Scale mail        |    41 |    80 ||   121
Dodge: Dodged            |    30 |    46 ||    76
Block: Buckler           |    16 |    38 ||    54
